 Dungeon Crawl Stone Soup version 0.19.5 (webtiles) character file.

64 devil0150 the Magician (level 3, -8/22 HPs)
             Began as a High Elf Wizard on Apr 10, 2017.
             Was an Initiate of the Shining One.
             Killed from afar by devil0150's ghost (11 damage)
             ... with a magic dart
             ... on level 3 of the Dungeon.
             The game lasted 00:11:04 (3744 turns).

devil0150 the Magician (High Elf Wizard)            Turns: 3744, Time: 00:11:05

Health: -8/22      AC:  2    Str:  6    XL:     3   Next: 91%
Magic:  7/10       EV: 13    Int: 23    God:    the Shining One [......]
Gold:   95         SH:  0    Dex: 13    Spells: 3 memorised, 6 levels left

rFire  . . .     SeeInvis .     u - +0 short sword (curse)
rCold  . . .     Gourm    .     a - +0 robe
rNeg   . . .     Faith    .     (no shield)
rPois  .         Spirit   .     b - +0 hat
rElec  .         Reflect  .     (no cloak)
rCorr  .         Harm     .     (no gloves)
MR     .....                    (no boots)
Stlth  +.........               (no amulet)
                                (no ring)
                                k - ring of wizardry

@: glowing
A: no striking features
a: Renounce Religion


You were on level 3 of the Dungeon.
You worshipped the Shining One.
The Shining One was noncommittal.
You were near starving.

You visited 1 branch of the dungeon, and saw 3 of its levels.

You collected 95 gold pieces.

Inventory:

Hand Weapons
 i - a +0 dagger
 u - a cursed +0 short sword (weapon)
Armour
 a - a +0 robe (worn)
 b - a +0 hat (worn)
Jewellery
 k - a ring of wizardry (left hand)
 m - an uncursed ring of stealth {unknown}
 o - a cursed ring of protection from magic
Scrolls
 j - a scroll of recharging
Potions
 e - a potion of ambrosia {unknown}
 h - a potion of lignification {unknown}
 l - 2 potions of haste {unknown}
 n - a potion of curing {unknown}
 p - a potion of agility {unknown}
 q - a potion of degeneration {unknown}
Books
 c - a book of Minor Magic

   Spells                             Type                      Level
   a - Magic Dart                     Conjuration                  1
   b - Blink                          Translocation                2
   c - Call Imp                       Summoning                    2
   d - Repel Missiles                 Charms/Air                   2
   e - Slow                           Hexes                        2
   f - Conjure Flame                  Conjuration/Fire             3
   g - Mephitic Cloud                 Conjuration/Poison/Air       3
Comestibles
 d - 3 bread rations
 f - 2 meat rations
 g - 2 slices of pizza


   Skills:
 + Level 0.4 Fighting
 + Level 2.5 Dodging
 + Level 2.3 Stealth
 + Level 0.1 Unarmed Combat
 + Level 4.8 Spellcasting
 + Level 1.9 Conjurations
 + Level 0.8 Summonings
 + Level 1.1 Translocations


You had 6 spell levels left.
You knew the following spells:

 Your Spells              Type           Power        Failure   Level  Hunger
a - Magic Dart            Conj           ##..         1%          1    None
b - Call Imp              Summ           #.......     4%          2    None
c - Blink                 Tloc           N/A          4%          2    None


Dungeon Overview and Level Annotations

Branches:
Dungeon (3/15)

Altars:
The Shining One

Annotations:
D:3 devil0150's ghost, amateur HEWz


Message History

Confirm with . or Enter, or press ? or * to list all spells.
You blink.
The crimson imp disappears in a puff of smoke!
Devil0150's ghost hits you!
* * * LOW HITPOINT WARNING * * *
The crimson imp blinks!
You hit the crimson imp.
The crimson imp is lightly wounded.
The crimson imp hits you. The Shining One protects you from harm!
Devil0150's ghost hits you but does no damage.
You hit the crimson imp but do no damage.
The crimson imp is lightly wounded.
The crimson imp barely misses you. Devil0150's ghost misses you.
The crimson imp blinks!
The crimson imp disappears for a moment.
Devil0150's ghost casts a spell at you. The magic dart hits you!
Ouch! That really hurt!
You die...

# ##########
#......... #.........
#......... #.........
#.........
######################
#.5W.@..>.............
#.######.###########.#
#.# #.# #.# #.#
#ยง###########.#
#.######.<............
#.....................
####################.#
...# #.#.#


You could see devil0150's ghost and a crimson imp.

Vanquished Creatures
  Ijyb (D:2)
  2 leopard geckos (D:1)
  A ball python (D:2)
  2 giant cockroaches (D:2)
  4 goblins
  4 hobgoblins
  3 jackals (D:1)
  A quokka (D:2)
  5 bats
  4 frilled lizards
  5 kobolds (D:2)
  2 rats (D:2)
34 creatures vanquished.

Notes
Turn   | Place    | Note
-------+----------+-------------------------------------------
     0 | D:1      | devil0150 the High Elf Wizard began the quest for the Orb.
     0 | D:1      | Reached XP level 1. HP: 11/11 MP: 6/6
   585 | D:1      | Reached skill level 4 in Spellcasting
   600 | D:1      | Reached XP level 2. HP: 9/17 MP: 0/8
  1460 | D:2      | Learned a level 2 spell: Call Imp
  1463 | D:2      | Learned a level 2 spell: Blink
  1627 | D:2      | Found a glowing golden altar of the Shining One.
  1631 | D:2      | Became a worshipper of the Shining One
  1872 | D:2      | Found a faded altar of an unknown god.
  2058 | D:2      | Reached XP level 3. HP: 16/21 MP: 7/9
  2337 | D:3      | Noticed Ijyb
  2346 | D:3      | Noticed devil0150's ghost (amateur HEWz)
  2389 | D:2      | HP: 1/21 [Ijyb/club (1)]
  2391 | D:2      | Killed Ijyb
  3418 | D:3      | HP: 1/22 [devil0150's ghost/magic dart (5)]
  3739 | D:3      | The Shining One protects you from harm!
  3744 | D:3      | Killed from afar by devil0150's ghost

Skill      XL: |  1 |
---------------+----+-----
Spellcasting   | 4 |  4.8
Fighting       | |  0.4
Dodging        | |  2.5
Stealth        | |  2.3
Unarmed Combat | |  0.1
Conjurations   | |  1.9
Summonings     | |  0.8
Translocations | |  1.1

Action                   || total
-------------------------++-------
Melee: Unarmed           ||    10
       Dagger            ||    26
       Short sword       ||     8
 Cast: Magic Dart        ||    93
       Blink             ||     2
  Use: Scroll            ||    12
  Eat: Chunk             ||     5
       Beef jerky        ||     1
Armor: Robe              ||    14
Dodge: Dodged            ||    63
